 Dungeon Crawl Stone Soup version 0.29-a0-1043-g569b05d6ff (webtiles) character file.

Game seed: 5531997981463944696

91 nickcage the Slasher (level 4, -7/33 HPs)
             Began as a Merfolk Gladiator on Aug 15, 2022.
             Mangled by an iguana (12 damage)
             ... on level 3 of the Dungeon.
             The game lasted 00:04:01 (1958 turns).

nickcage the Slasher (Merfolk Gladiator)            Turns: 1958, Time: 00:04:02

Health: -7/33      AC:  6    Str: 16    XL:     4   Next: 57%
Magic:  4/4        EV: 12    Int:  7    God:
Gold:   111        SH:  0    Dex: 15    Spells: 3/3 levels left

rFire   . . .      SeeInvis .   a - +0 long sword
rCold   . . .      Faith    .   (no shield)
rNeg    . . .      Spirit   .   f - +0 ring mail
rPois   .          Reflect  .   c - +0 helmet
rElec   .          Harm     .   p - scarf {repulsion}
rCorr   .          Rampage  .   (no gloves)
Will    .....                   (no boots)
Stlth   +.........              (no amulet)
HPRegen 0.11/turn               (no ring)
MPRegen 0.09/turn               (no ring)

@: repel missiles
A: (nimble swimmer 2), mertail
a: no special abilities


You were on level 3 of the Dungeon.
You visited 1 branch of the dungeon, and saw 3 of its levels.

You collected 111 gold pieces.

Inventory:

Hand Weapons
 a - a +0 long sword (weapon)
Missiles
 d - 3 throwing nets
 e - a javelin
 l - 10 poisoned darts (quivered)
Armour
 b - a +0 leather armour
 c - a +0 helmet (worn)
 f - a +0 ring mail (worn)
 p - a scarf of repulsion (worn)
Scrolls
 g - a scroll of blinking {unknown}
 h - a scroll of torment {unknown}
 i - 2 scrolls of poison {unknown}
 j - 2 scrolls of teleportation {unknown}
 k - 5 scrolls of identify {unknown}
 n - a scroll of immolation {unknown}
 q - a scroll of enchant weapon {unknown}
 t - a scroll of silence {unknown}
 w - a scroll of butterflies {unknown}
Potions
 m - a potion of degeneration {unknown}
 o - 2 potions of curing {unknown}
 r - a potion of resistance {unknown}
 s - a potion of attraction {unknown}
 u - a potion of might {unknown}
 v - a potion of magic {unknown}


   Skills:
 - Level 2.1 Fighting
 + Level 6.3 Long Blades
 - Level 2.0 Throwing
 - Level 4.0 Dodging


You had 3 spell levels left.
You didn't know any spells.
Your spell library contained the following spells:

 Spells                   Type           Power      Damage    Failure   Level
 Beastly Appendage        Tmut           0%         N/A       65%         1
 Corpse Rot               Necr/Pois/Air  0%         N/A       100%        4
 Dispel Undead            Necr           0%         3d6       100%        4
 Death Channel            Necr           0%         N/A       100%        6


Dungeon Overview and Level Annotations

Branches:
Dungeon (3/15)

Altars:
Fedhas
Gozag
Yredelemnul


Innate Abilities, Weirdness & Mutations

((You are very nimble when in or above water. (Stealth+, EV+, Speed+++)))
Your lower body shifts to a powerful aquatic tail in water.


Message History

There is an escape hatch in the floor here.
There is an escape hatch in the ceiling here.
Found a club.
A ball python comes into view.
The ball python hisses angrily.
You hear an angry hiss.
A hobgoblin comes into view. It is wielding a +0 short sword.
The ball python bites you but does no damage.
The ball python misses you.
An iguana comes into view.
You barely miss the ball python. The ball python bites you.
The ball python grabs you. The ball python constricts you.
The ball python bites you but does no damage.
The ball python constricts you.
You slash the ball python!
You kill the ball python!
You hit the iguana.
The iguana is lightly wounded.
The iguana bites you!
The hobgoblin shouts!
You hit the iguana but do no damage.
The iguana is lightly wounded.
The iguana bites you!
You are too injured to fight recklessly!
You are too injured to fight recklessly!
You slash the iguana!
The iguana is heavily wounded.
The iguana bites you.
* * * LOW HITPOINT WARNING * * *
The iguana closely misses you.
You hit the iguana.
The iguana is severely wounded.
The hobgoblin hits you with a +0 short sword.
* * * LOW HITPOINT WARNING * * *
The iguana barely misses you.
You closely miss the iguana. You punch the iguana.
The iguana is almost dead.
The hobgoblin hits you with a +0 short sword.
* * * LOW HITPOINT WARNING * * *
The iguana bites you!
You die...

. # . . .# ..###.
...##.). .....
...#....
##...###......
.#............
......lg#...# #
#@#..# ..#..#.#..#
#### ...........##
#... ...####.#...#
###. #.#..## #...
..#..# #8...8##...
####..###.....##...
#..##_.(..._#...
#...##.....##...


You could see an iguana and a hobgoblin.

Vanquished Creatures
  5 adders
  A worm (D:2)
  A dart slug (D:2)
  2 bats
  An endoplasm (D:1)
  A giant cockroach (D:2)
  4 hobgoblins
  6 kobolds
  A quokka (D:1)
  7 ball pythons
  3 frilled lizards
  5 goblins
  7 rats
44 creatures vanquished.

Notes
Turn   | Place    | Note
-------+----------+-------------------------------------------
     0 | D:1      | nickcage the Merfolk Gladiator began the quest for the Orb.
     0 | D:1      | Reached XP level 1. HP: 16/16 MP: 1/1
    95 | D:1      | Found a faded altar of an unknown god.
   102 | D:1      | Got Plato's Lectures on Forms
   313 | D:1      | Reached skill level 4 in Long Blades
   337 | D:1      | Reached XP level 2. HP: 15/22 MP: 2/2
   966 | D:2      | Reached XP level 3. HP: 27/27 MP: 3/3
  1005 | D:2      | Reached skill level 5 in Long Blades
  1360 | D:2      | Reached XP level 4. HP: 33/33 MP: 4/4
  1524 | D:3      | Reached skill level 6 in Long Blades
  1827 | D:3      | Found a blossoming altar of Fedhas.
  1831 | D:3      | Found an opulent altar of Gozag.
  1835 | D:3      | Found a basalt altar of Yredelemnul.
  1958 | D:3      | Mangled by an iguana

Illustrated notes

Levels and vault maps discovered:
D:1:      dpeg_arrival_central, layout_basic,
          shapermc_ecumenical_altar_rom_forum
D:2:      layout_rooms
D:3:      layout_loops_ring, nicolae_overflow_hidden_temple

Skill      XL: |  1  2  3  4 |
---------------+-------------+-----
Long Blades    | 4 5 6 |  6.3
Fighting       | |  2.1
Throwing       | |  2.0
Dodging        | |  4.0

Action                   |  1- 3 |  4- 6 || total
-------------------------+-------+-------++-------
Melee: Long sword        |    96 |    45 ||   141
       Punch             |       |     1 ||     1
Throw: Dart              |       |     2 ||     2
Armor: Ring mail         |    32 |    13 ||    45
       Leather armour    |     1 |       ||     1
Dodge: Dodged            |    69 |    36 ||   105

Table legend: (Time is in decaauts)
 A = Elapsed time spent in this place.
 B = Non-inter-level travel time spent in this place.
 C = Inter-level travel time spent in this place.
 D = Time resting spent in this place.
 E = Time spent auto-exploring this place.
 F = Levels seen in this place.
 G = Mean time per level.
                   A        B        C        D        E       F      G
               +--------+--------+--------+--------+--------+-----+--------+
         Total |   1976 |   1934 |     42 |      0 |   1582 |   3 |  658.7 |
       Dungeon |   1976 |   1934 |     42 |      0 |   1582 |   3 |  658.7 |
               +--------+--------+--------+--------+--------+-----+--------+

Top non-repeatable levels by time:
     D:1: 901 daAuts
     D:2: 568 daAuts
     D:3: 506 daAuts
